 Dungeon Crawl Stone Soup version 0.17-a0-1997-ga88ed7d (webtiles) character file.

294 Kangaxx the Magician (level 6, -1/32 HPs)
             Began as a Deep Elf Wizard on Oct 8, 2015.
             Killed from afar by an orc wizard (6 damage)
             ... with a puff of flame
             ... on level 3 of the Dungeon.
             The game lasted 00:11:27 (2947 turns).

Kangaxx the Magician (Deep Elf Wizard)              Turns: 2947, Time: 00:11:27

Health: -1/32      AC:  8    Str:  4    XL:     6   Next: 11%
Magic:  0/16       EV: 12    Int: 25    God:
Gold:   132        SH:  0    Dex: 13    Spells: 5 memorised, 5 levels left

rFire  . . .     SeeInvis .     y - +2 dagger (protect)
rCold  . . .     Clarity  .     a - +0 robe
rNeg   . . .     SustAt   .     (no shield)
rPois  .         Gourm    .     b - +0 hat
rElec  .         Spirit   .     (no cloak)
rCorr  .         Warding  .     v - +0 pair of gloves
rMut   .         Stasis   .     (no boots)
MR     .....                    (no amulet)
Stlth  ++........               (no ring)
                                (no ring)

@: not resistant to hostile enchantments, unstealthy
A: no striking features
a: no special abilities


You were on level 3 of the Dungeon.
You were not hungry.

You visited 1 branch of the dungeon, and saw 3 of its levels.

You collected 132 gold pieces.

Inventory:

Hand Weapons
 f - a +0 short sword of venom
 w - a +2 spear of distortion
 y - a +2 dagger of protection (weapon)
Armour
 a - a +0 robe (worn)
 b - a +0 hat (worn)
 v - a +0 pair of gloves (worn)
Scrolls
 i - a scroll of immolation {unknown}
 j - a scroll of fear {unknown}
 k - a scroll of teleportation {unknown}
 p - 3 scrolls of identify {unknown}
 r - a scroll of enchant weapon {unknown}
 t - 3 scrolls of remove curse {unknown}
 u - 2 scrolls of amnesia {unknown}
 x - a scroll of enchant armour {unknown}
 A - a scroll of recharging {unknown}
Potions
 e - 3 potions of invisibility {unknown}
 g - a potion of cure mutation {unknown}
 h - a potion of heal wounds {unknown}
 m - 2 potions of might {unknown}
 o - a potion of agility {unknown}
 s - a potion of mutation {unknown}
 z - a potion of magic {unknown}
Books
 c - a book of Minor Magic

   Spells                             Type                      Level
   a - Magic Dart                     Conjuration                  1
   b - Blink                          Translocation                2
   c - Call Imp                       Summoning                    2
   d - Repel Missiles                 Charms/Air                   2
   e - Slow                           Hexes                        2
   f - Conjure Flame                  Conjuration/Fire             3
   g - Mephitic Cloud                 Conjuration/Poison/Air       3
Comestibles
 d - 2 bread rations
 l - 4 fruits
 n - 4 meat rations
 q - 2 slices of pizza


   Skills:
 - Level 2.4 Dodging
 - Level 2.4 Stealth
 + Level 5.9 Spellcasting
 * Level 5.9 Conjurations
   Level 1.1 Summonings
 - Level 1.1 Translocations


You had 5 spell levels left.
You knew the following spells:

 Your Spells              Type           Power        Failure   Level  Hunger
a - Magic Dart            Conj           ####         1%          1    None
b - Blink                 Tloc           N/A          10%         2    None
c - Repel Missiles        Chrm/Air       #.....       14%         2    None
e - Conjure Flame         Conj/Fire      ###.....     10%         3    #......
h - Mephitic Cloud        Conj/Pois/Air  ###.....     12%         3    #......


Dungeon Overview and Level Annotations

Branches:
Dungeon (3/15)

Altars:
Dithmenos


Message History

Press: ? - help, Shift-Dir - straight line, f/p - orc wizard
Aim: an orc wizard, wielding a dagger and wearing a robe (severely wounded)
The magic dart hits the orc wizard.
The orc wizard is almost dead.
An orc comes into view.
Casting: Magic Dart
Confirm with . or Enter, or press ? or * to list all spells.
You don't have enough magic to cast that spell.
Unknown command.
An orc priest comes into view.
The orc wizard casts a spell.
The orc wizard flickers and vanishes!
Deactivating autopickup; reactivate with Ctrl-A.
The orc priest shouts!
The orc priest mumbles some strange prayers to Beogh against you.
Something smites you!
* * * LOW HITPOINT WARNING * * *
A puff of flame appears from out of thin air!
The puff of flame hits you!
You die...

#.#.#####..... .......
............... ####...
.....).......... # .......
.#....#####.#..######.#.#
##..... .#.....#
#.#..#........ .......
##...#.# #.#.......# ...#.##
######.## #<#.....#.#
........#
........###.#.....#.#
#....#..#
#####.......#...@.#.#
#........ #<......#.....#.#
#........ #.......#.....#.#
#........
#>..............#.#.#........
#..........#...o.............
#........####..o.........<)..
#.........>...))#.#...#......
....#####.#####).............
###. .# o###...##...#.


You could see 2 orcs.

Vanquished Creatures
  Jessica (D:3)
  Natasha (D:2)
  7 adders
  6 gnolls
  4 oozes
  2 worms (D:2)
  3 giant geckos
  9 orcs (D:3)
  5 giant cockroaches
  3 hobgoblins
  3 jackals
  12 kobolds
  2 quokkas
  A ball python (D:1)
  10 bats
  3 giant newts
  9 goblins
  28 rats
109 creatures vanquished.

Notes
Turn   | Place    | Note
--------------------------------------------------------------
     0 | D:1      | Kangaxx the Deep Elf Wizard began the quest for the Orb.
     0 | D:1      | Reached XP level 1. HP: 10/10 MP: 7/7
   144 | D:1      | Reached XP level 2. HP: 12/15 MP: 5/9
   366 | D:1      | Reached XP level 3. HP: 8/19 MP: 3/10
   798 | D:2      | Learned a level 2 spell: Blink
   801 | D:2      | Learned a level 2 spell: Repel Missiles
   805 | D:2      | Learned a level 3 spell: Mephitic Cloud
   864 | D:2      | Found a shadowy altar of Dithmenos.
  1214 | D:2      | Reached XP level 4. HP: 8/24 MP: 2/12
  1479 | D:2      | Reached skill level 5 in Spellcasting
  1753 | D:2      | Learned a level 3 spell: Conjure Flame
  2153 | D:2      | Noticed Natasha
  2167 | D:2      | Killed Natasha
  2174 | D:2      | Reached XP level 5. HP: 7/28 MP: 3/14
  2446 | D:3      | Reached skill level 5 in Conjurations
  2610 | D:3      | Noticed Jessica
  2614 | D:3      | Killed Jessica
  2850 | D:3      | Reached XP level 6. HP: 14/32 MP: 13/16
  2947 | D:3      | Killed from afar by an orc wizard

Vault maps used:
D:1:      onia_arrival_handbag, minivault_11
D:2:      kennysheep_six_static_rooms, grunt_dithmenos_smoke_and_mirrors,
          minmay_rat_hole, uniq_natasha
D:3:      kennysheep_minor_cross, uniq_jessica

Action                   |  1- 3 |  4- 6 || total
-------------------------+-------+-------++-------
Melee: Unarmed           |     2 |       ||     2
       Short sword       |    30 |    41 ||    71
       Dagger            |       |    20 ||    20
 Cast: Magic Dart        |    55 |   109 ||   164
       Mephitic Cloud    |     2 |     2 ||     4
 Stab: Sleeping          |     4 |     3 ||     7
  Eat: Chunk             |     1 |     5 ||     6
